 Dungeon Crawl Stone Soup version 0.29-a0-283-ga02f740833 (webtiles) character file.

Game seed: 10049636555497377661

138596 Ajdolov the Whirler (level 16, -1/85 HPs)
             Began as a Spriggan Hunter on Mar 13, 2022.
             Was the Champion of Dithmenos.
             Succumbed to Aizul's bolt of poison
             ... on level 2 of the Swamp.
             The game lasted 01:51:54 (33024 turns).

Ajdolov the Whirler (Spriggan Hunter)              Turns: 33024, Time: 01:51:55

Health: -1/85      AC:  7    Str:  7    XL:     16   Next: 71%
Magic:  26/26      EV: 34    Int: 11    God:    Dithmenos [******]
Gold:   1673       SH:  0    Dex: 26    Spells: 23/25 levels left

rFire   + + .      SeeInvis +   g - +6 fustibalus (flame)
rCold   + . .      Faith    .   (shield currently unavailable)
rNeg    . . .      Spirit   .   L - +0 troll leather armour
rPois   .          Reflect  .   S - +2 hat {Will+}
rElec   .          Harm     .   G - scarf {rC+ rF+}
rCorr   .          Rampage  .   (gloves unavailable)
Will    +++..                   (boots unavailable)
Stlth   +++++++++.              O - amulet of regeneration
HPRegen 1.84/turn               P - ring of flight
MPRegen 0.20/turn               a - ring of protection from fire

@: lethally poisoned (-1 -> -18), flying, wreathed by umbra, very quick
A: very small, no large weapons, unfitting armour, see invisible, speed 3
a: Renounce Religion, Shadow Step, Shadow Form


You were on level 2 of the Swamp.
You worshipped Dithmenos.
Dithmenos was exalted by your worship.
You visited 5 branches of the dungeon, and saw 27 of its levels.
You also visited: Ossuary.

You collected 3218 gold pieces.
You spent 1545 gold pieces at shops.

Inventory:

Hand Weapons
 g - a +6 fustibalus of flaming (weapon)
Missiles
 b - 3 datura-tipped darts
 E - 29 poisoned darts
 F - 5 curare-tipped darts
Armour
 G - a scarf of resistance (worn)
 L - a +0 troll leather armour (worn)
 S - a +2 hat of willpower (worn)
Jewellery
 a - a ring of protection from fire (right hand)
 I - a ring of ice
 O - an amulet of regeneration (around neck)
 P - a ring of flight (left hand)
Wands
 i - a wand of digging (5)
 u - a wand of polymorph (13)
 H - a wand of flame (60)
 Q - a wand of paralysis (6)
 R - a wand of mindburst (1)
 T - a wand of acid (5)
 U - a wand of charming (12)
Scrolls
 c - 7 scrolls of immolation
 d - a scroll of identify
 e - 9 scrolls of vulnerability
 h - 3 scrolls of summoning
 k - 3 scrolls of fear
 p - 3 scrolls of noise
 r - 6 scrolls of magic mapping
 t - 7 scrolls of teleportation
 y - 9 scrolls of fog
 z - a scroll of amnesia
 D - 2 scrolls of silence
 J - a scroll of torment {unknown}
 K - 3 scrolls of enchant armour
Potions
 f - 11 potions of heal wounds
 j - 3 potions of berserk rage
 l - 2 potions of resistance {unknown}
 m - 7 potions of attraction
 n - 12 potions of curing
 o - 6 potions of lignification
 q - 4 potions of flight
 s - 4 potions of mutation
 v - 4 potions of magic
 w - 3 potions of haste
 x - 3 potions of brilliance
 A - 3 potions of cancellation
 B - a potion of ambrosia
 C - 3 potions of might
Miscellaneous
 M - a phial of floods
 N - a condenser vane


   Skills:
 - Level 10.0 Fighting
 - Level 18.0 Slings
 - Level 10.0 Armour
 - Level 16.0 Dodging
 - Level 10.0 Stealth
 - Level 5.0 Spellcasting
 - Level 8.0 Translocations
 - Level 13.0 Invocations
 + Level 10.3 Evocations


You had 23 spell levels left.
You knew the following spells:

 Your Spells              Type           Power      Damage    Failure   Level
a - Blink                 Tloc           40%        N/A       1%          2

Your spell library contained the following spells:

 Spells                   Type           Power      Damage    Failure   Level
 Gell's Gravitas          Tloc           20%        N/A       3%          3
 Lesser Beckoning         Tloc           20%        N/A       3%          3
 Teleport Other           Tloc           20%        N/A       3%          3
 Passage of Golubria      Tloc           20%        N/A       11%         4
 Animate Skeleton         Necr           4%         N/A       28%         1
 Magic Dart               Conj           8%         1d3       28%         1
 Pain                     Necr           8%         1d4       28%         1
 Manifold Assault         Tloc           20%        N/A       30%         5
 Call Imp                 Summ           2%         N/A       41%         2
 Corpse Rot               Necr/Air       4%         N/A       41%         2
 Poisonous Vapours        Pois/Air       4%         N/A       41%         2
 Iskenderun's Mystic Bla  Conj/Tloc      11%        2d4       50%         4
 Dazzling Flash           Conj/Hex       4%         N/A       65%         3
 Mephitic Cloud           Conj/Pois/Air  2%         N/A       65%         3
 Tukima's Dance           Hex            2%         N/A       65%         3
 Vampiric Draining        Necr           2%         2d6       65%         3
 Summon Forest            Summ/Tloc      5%         N/A       83%         5
 Summon Mana Viper        Hex/Summ       2%         N/A       100%        5
 Yara's Violent Unravell  Hex/Tmut       1%         3d3       100%        5
 Starburst                Conj/Fire      1%         6d3       100%        6
 Summon Cactus Giant      Summ           1%         N/A       100%        6
 Storm Form               Tmut/Air       1%         N/A       100%        7


Dungeon Overview and Level Annotations

Branches:
Dungeon (15/15)            Temple (1/1) D:6            Lair (6/6) D:9
  Swamp (3/4) Lair:2       Spider (0/4) Lair:3        Slime (0/5) Lair:6
    Orc (2/2) D:12            Elf (0/3) Orc:2        Vaults (0/5) D:13
 Depths (0/4) D:15        Ossuary (visited)

Altars:
Ashenzari
Cheibriados
Dithmenos
Fedhas
Hepliaklqana
Kikubaaqudgha
Makhleb
Nemelex Xobeh
Okawaru
Qazlal
Ru
Sif Muna
Uskayaw
Vehumet
Wu Jian
Xom
Yredelemnul
Zin
The Shining One
Beogh

Shops:
D:7 *   Orc:2 [[(?

Annotations:
D:5 2 transporters, Menkaure; robertstho's ghost, amateur DgFE
D:10 exclusion: gargoyle
Swamp:3 Aizul


Innate Abilities, Weirdness & Mutations

You are very small and have problems with some larger weapons.
You are too small for most types of armour.
You have supernaturally acute eyesight. (SInv)
You cover ground extremely quickly. (Speed+++)


Message History

You feel sick.
You feel sick.
You feel sick.
You feel sick.
You feel sick.
You feel sick.
You shoot a sling bullet. The sling bullet hits Aizul.
The sling bullet burns Aizul.
Aizul is heavily wounded.
Your shadow shoots a sling bullet.
The sling bullet hits Aizul.
You feel sick.
You feel sick.
You feel sick.
You feel sick.
There is a stone staircase leading up, spattered with blood here.
You shoot a sling bullet.
The sling bullet hits Aizul but does no damage.
Aizul is heavily wounded.
Your shadow shoots a sling bullet.
The sling bullet hits Aizul.
You feel sick.
You are no longer poisoned.
Aizul coils herself and waves her upper body at you.
The poison arrow misses you.
You shoot a sling bullet. The sling bullet misses Aizul.
Your shadow shoots a sling bullet.
The sling bullet barely misses Aizul.
You shoot a sling bullet. The sling bullet hits Aizul!!
The sling bullet burns Aizul.
Aizul is severely wounded.
Your shadow shoots a sling bullet.
The sling bullet hits Aizul but does no damage.
Aizul coils herself and waves her upper body at you.
The poison arrow hits you!!
You are poisoned.
You emit a cloud of dark smoke.
You feel very sick.
Aizul coils and then uncoils.
Aizul coils herself and waves her upper body at you.
The bolt of poison hits you!
You are more poisoned.
* * * LOW HITPOINT WARNING * * *
You fly upwards.
You die...

♣♣♣ ♣♣♣ ♣.♣ ♣♣♣♣.♣ ♣.♣
♣.♣♣.♣♣♣ ♣.♣♣
♣♣♣♣♣♣.>.≈♣|♣
.≈≈♣♣♣.♣♣.♣♣..≈♣.♣♣
≈≈..♣♣.♣♣.♣♣♣..♣≈≈♣♣♣♣
.♣[♣.≈.♣♣.♣ ♣♣≈≈@.♣♣.♣
♣♣♣)≈≈....♣ ♣♣..≈≈..♣
♣ ♣≈......♣ ♣♣...≈♣♣♣
♣ ♣..♣.><♣♣ ♣≈≈)♣♣♣
♣...♣.≈♣♣ ♣♣≈♣♣
♣.≈≈≈.≈.♣ ♣.≈♣
♣<≈≈≈≈..♣♣ ♣..♣
♣♣..§..≈..♣♣♣.♣♣
♣♣≈.≈≈♣.≈.♣♣♣≈.♣


There were no monsters in sight!

Vanquished Creatures
  Mlioglotl (Swamp:1)
  Gastronok (D:9)
  Donald (Swamp:3)
  An orc warlord (Orc:1)
  2 very ugly things (D:15)
  4 bunyips (Swamp:1)
  2 eleionomae
  Snorg (D:13)
  A fire dragon (Lair:4)
  Josephine (Lair:4)
  A great orb of eyes (D:11)
  18 hydras
  A shambling mangrove (Swamp:3)
  Fannar (Orc:1)
  A ghost crab (Swamp:2)
  3 centaur warriors
  2 ogre magi
  An alligator (Swamp:1)
  A boulder beetle (D:13)
  A catoblepas (Lair:3)
  14 two-headed ogres
  8 death yaks
  7 orc high priests (Orc:2)
  Urug (Orc:1)
  Nergalle (Orc:1)
  Sonja (Lair:6)
  14 spriggans
  3 goliath frogs
  2 bog bodies
  A glowing orange brain (D:15)
  4 swamp dragons
  2 spriggan druids (Swamp:2)
  4 orc knights
  A wolf spider (Lair:2)
  3 deep elf pyromancers
  A faun (Lair:3)
  A moth of wrath (Lair:6)
  5 cyclopes
  11 ugly things
  5 manticores
  3 orc sorcerers
  2 black mambas
  8 elephants
  2 will-o-the-wisps
  20 cane toads
  A torpor snail (Lair:4)
  5 rime drakes
  3 efreet (D:15)
  An unseen horror (D:12)
  12 komodo dragons
  2 kobold demonologists
  2 freezing wraiths (D:15)
  6 meliai
  9 trolls
  A polar bear (Lair:6)
  12 hornets
  A tyrant leech (shapeshifter) (D:15)
  8 tyrant leeches
  37 blink frogs
  21 slime creatures
  5 dream sheep (Lair:5)
  A centaur simulacrum (D:14)
  3 shadows
  3 culicivoras (Lair:3)
  5 wyverns
  4 wraiths
  A vampire (D:13)
  48 yaks
  7 basilisks
  3 redbacks
  21 vampire mosquitoes
  8 wargs (Orc:2)
  9 swamp worms
  3 two-headed ogre zombies (D:12)
  21 water moccasins
  29 orc warriors
  4 ice beasts
  A black bear (shapeshifter) (D:14)
  A black bear (Lair:1)
  20 wolves
  14 ogres
  5 boggarts (D:14)
  4 centaurs
  A phantom (D:12)
  A kobold brigand (D:8)
  17 bullfrogs
  A necrophage (D:7)
  Blork the orc (D:4)
  A gnoll sergeant (D:10)
  A scorpion (D:6)
  19 wights
  2 troll zombies (D:12)
  12 killer bees
  4 howler monkeys
  A vampire bat (D:4)
  3 electric eels
  4 hounds
  37 orc priests
  4 jellies
  A gnoll shaman (D:7)
  2 iguanas
  Ijyb (D:4)
  21 orc wizards
  9 hell rats
  3 ogre zombies (D:12)
  8 mummies (Ossuary)
  Robin (D:2)
  8 adders
  8 gnolls
  2 river rats (D:9)
  3 ufetubi
  5 worms
  2 dart slugs
  3 fire bats (D:4)
  126 orcs
  2 spectral bats (D:4)
  16 bats
  3 bat skeletons (D:4)
  A bat zombie (D:4)
  9 endoplasms
  2 giant cockroaches
  16 goblins
  11 hobgoblins
  4 jackals
  5 quokkas
  9 ball pythons
  A bat simulacrum (D:4)
  4 frilled lizards
  A goblin skeleton (D:12)
  5 goblin zombies (D:12)
  7 hobgoblin zombies
  19 kobolds
  3 kobold zombies (Ossuary)
  7 orc skeletons (D:12)
  10 orc zombies (D:12)
  5 rats
  A spectral orc (D:3)
963 creatures vanquished.

Vanquished Creatures (collateral kills)
  A meliai (D:14)
  A killer bee (D:11)
2 creatures vanquished.

Vanquished Creatures (others)
  A two-headed ogre (D:11)
  A bloated husk (Swamp:2)
  A swamp worm (Swamp:2)
  2 bushes
  4 foxfires (Swamp:1)
  48 fungi
  130 plants
187 creatures vanquished.

Grand Total: 1152 creatures vanquished

Notes
Turn   | Place    | Note
-------+----------+-------------------------------------------
     0 | D:1      | Ajdolov the Spriggan Hunter began the quest for the Orb.
     0 | D:1      | Reached XP level 1. HP: 10/10 MP: 2/2
    35 | D:1      | Reached skill level 5 in Slings
    69 | D:1      | Reached XP level 2. HP: 14/14 MP: 3/3
   557 | D:1      | Reached XP level 3. HP: 18/18 MP: 4/4
   560 | D:1      | Reached skill level 6 in Slings
   776 | D:2      | Found a faded altar of an unknown god.
   900 | D:2      | Reached XP level 4. HP: 22/22 MP: 5/5
  1285 | D:2      | Noticed Robin
  1330 | D:2      | Killed Robin
  1457 | D:2      | You fall into a shaft and drop 1 floor!
  1681 | D:3      | Found a basalt altar of Yredelemnul.
  2097 | D:3      | Reached XP level 5. HP: 21/25 MP: 6/6
  2299 | D:4      | Reached skill level 7 in Slings
  2299 | D:4      | Reached skill level 5 in Stealth
  2323 | D:4      | Noticed Blork the orc
  3029 | D:4      | Reached XP level 6. HP: 30/30 MP: 7/7
  3186 | D:4      | Reached skill level 8 in Slings
  3496 | D:4      | Reached XP level 7. HP: 34/34 MP: 8/8
  3791 | D:4      | Killed Blork the orc
  3974 | D:5      | Entered Level 5 of the Dungeon
  3995 | D:5      | Reached skill level 9 in Slings
  4054 | D:5      | Noticed Ijyb
  4056 | D:5      | Found an iron altar of Okawaru.
  4117 | D:4      | Killed Ijyb
  4680 | D:5      | Found a transporter.
  4684 | D:5      | Noticed robertstho's ghost (amateur DgFE)
  4685 | D:5      | Found a transporter.
  4808 | D:5      | Noticed an unseen horror
  4921 | D:5      | Noticed Menkaure
  4962 | D:5      | Reached skill level 10 in Slings
  5301 | D:6      | Reached XP level 8. HP: 39/39 MP: 9/9
  5608 | D:6      | Reached skill level 11 in Slings
  5831 | D:6      | Reached skill level 12 in Slings
  5854 | D:6      | Found a sand-covered staircase.
  5858 | Ossuary  | Entered an ossuary
  6393 | D:6      | Found a broken altar of Ashenzari.
  6483 | D:6      | Found a staircase to the Ecumenical Temple.
  6504 | Temple   | Entered the Ecumenical Temple
  6579 | Temple   | Became a worshipper of Dithmenos the Shadowed
  6898 | D:7      | Reached skill level 13 in Slings
  6972 | D:7      | Found a hazy altar of Hepliaklqana.
  7234 | D:7      | Reached XP level 9. HP: 42/42 MP: 10/10
  7312 | D:7      | Found Irobroani's General Store.
  7829 | D:7      | Bought a scroll of fear for 49 gold pieces
  8283 | D:8      | Reached skill level 14 in Slings
  8315 | D:8      | Reached * piety under Dithmenos
  9101 | D:8      | Reached skill level 15 in Slings
  9842 | D:9      | Noticed Gastronok
  9940 | D:9      | Reached skill level 1 in Evocations
  9940 | D:9      | Reached ** piety under Dithmenos
 10265 | D:9      | Noticed a two-headed ogre
 10297 | D:9      | Killed a two-headed ogre
 10298 | D:9      | Reached skill level 16 in Slings
 10298 | D:9      | Reached skill level 5 in Evocations
 10298 | D:9      | Reached XP level 10. HP: 46/46 MP: 11/11
 10451 | D:10     | Entered Level 10 of the Dungeon
 11119 | D:10     | Noticed a two-headed ogre
 11167 | D:10     | Killed a two-headed ogre
 11543 | D:10     | Noticed a gargoyle
 11840 | D:11     | Noticed Lodul
 11840 | D:11     | Noticed a two-headed ogre
 11840 | D:11     | Noticed a two-headed ogre
 11842 | D:11     | Noticed a sun demon
 12232 | D:11     | Noticed a boulder beetle
 12333 | D:11     | Reached skill level 1 in Armour
 12713 | D:11     | Killed a two-headed ogre
 12714 | D:11     | Reached XP level 11. HP: 54/54 MP: 12/12
 12747 | D:11     | Reached *** piety under Dithmenos
 13082 | D:11     | Noticed a two-headed ogre
 13186 | D:11     | Killed a two-headed ogre
 13310 | D:11     | Noticed Lodul
 13310 | D:11     | Lodul changed into Lodul the water moccasin
 13336 | D:11     | Killed Lodul the water moccasin
 13595 | D:11     | Killed a two-headed ogre
 14101 | D:11     | Noticed a great orb of eyes
 14101 | D:11     | a boulder beetle changed into a great orb of eyes
 14230 | D:11     | Killed a great orb of eyes
 14515 | D:9      | Killed Gastronok
 14516 | D:9      | Reached skill level 10 in Stealth
 14564 | D:9      | Noticed a death yak
 14712 | D:9      | Noticed a death yak
 14722 | D:9      | Noticed a death yak
 14786 | D:9      | Killed a death yak
 14787 | D:9      | Reached skill level 10 in Evocations
 14942 | D:9      | Killed a death yak
 14943 | D:9      | Reached skill level 5 in Fighting
 15039 | D:9      | Found a staircase to the Lair.
 15173 | D:7      | Bought a condenser vane for 560 gold pieces
 15285 | Lair:1   | Entered Level 1 of the Lair of Beasts
 15285 | Lair:1   | Noticed a seven-headed hydra
 15308 | Lair:1   | Killed a seven-headed hydra
 15814 | Lair:1   | Reached **** piety under Dithmenos
 15931 | Lair:1   | Reached skill level 5 in Invocations
 16005 | Lair:1   | Reached XP level 12. HP: 53/60 MP: 16/16
 16044 | Lair:1   | Noticed an eight-headed hydra
 16067 | Lair:1   | Killed an eight-headed hydra
 16562 | Lair:2   | Noticed a four-headed hydra
 16642 | Lair:1   | Killed a four-headed hydra
 17146 | Lair:2   | Noticed a seven-headed hydra
 17192 | Lair:2   | Killed a seven-headed hydra
 17562 | Lair:2   | Noticed a seven-headed hydra
 17611 | Lair:2   | Killed a seven-headed hydra
 17787 | Lair:2   | Found a staircase to the Swamp.
 18152 | Lair:3   | Reached skill level 10 in Invocations
 18265 | Lair:3   | Found a hole to the Spider Nest.
 18328 | Lair:3   | Reached ***** piety under Dithmenos
 19291 | Lair:3   | Noticed a catoblepas
 19372 | Lair:3   | Reached skill level 10 in Dodging
 19471 | Lair:2   | Reached XP level 13. HP: 65/65 MP: 21/21
 19475 | Lair:2   | Learned a level 2 spell: Blink
 19529 | Lair:3   | Reached skill level 1 in Translocations
 20997 | Lair:4   | Identified 2 scrolls of acquirement
 20998 | Lair:4   | Acquired a +1 hat of willpower
 21011 | Lair:4   | Acquired a +2 fustibalus of flaming
 21401 | Lair:4   | Noticed Josephine
 21504 | Lair:4   | Killed Josephine
 21596 | Lair:4   | Noticed a fire dragon
 21943 | Lair:4   | Killed a fire dragon
 21944 | Lair:4   | Reached skill level 17 in Slings
 22463 | Lair:5   | Reached skill level 18 in Slings
 22487 | Lair:5   | Reached skill level 1 in Spellcasting
 22762 | Lair:6   | Entered Level 6 of the Lair of Beasts
 22762 | Lair:6   | Noticed Sonja
 22855 | Lair:6   | Killed Sonja
 22856 | Lair:6   | Reached skill level 5 in Translocations
 22903 | Lair:5   | Reached XP level 14. HP: 74/74 MP: 22/22
 23021 | Lair:5   | Reached ****** piety under Dithmenos
 23056 | Lair:6   | Reached skill level 5 in Spellcasting
 23728 | Lair:6   | Reached skill level 10 in Fighting
 24076 | Lair:6   | Found a staircase to the Slime Pits.
 24084 | Lair:6   | Reached skill level 5 in Armour
 24190 | Lair:6   | Found the +10 morningstar "Eos" {elec, Halo rElec}
 25354 | D:12     | Found a staircase to the Orcish Mines.
 25606 | D:12     | Reached XP level 15. HP: 80/80 MP: 23/23
 25858 | D:13     | Found a gate to the Vaults.
 26257 | D:13     | Noticed Snorg
 26268 | D:13     | Killed Snorg
 26954 | D:14     | Found a glowing golden altar of the Shining One.
 27587 | D:15     | Entered Level 15 of the Dungeon
 27639 | D:15     | Found a hazy altar of Hepliaklqana.
 27918 | D:15     | Reached skill level 10 in Armour
 28081 | D:15     | Found a shadowy altar of Dithmenos.
 28446 | D:15     | Found a staircase to the Depths.
 28900 | Orc:1    | Entered Level 1 of the Orcish Mines
 28902 | Orc:1    | Noticed Urug
 28909 | Orc:1    | Killed Urug
 28923 | Orc:1    | Noticed Nergalle
 28927 | Orc:1    | Killed Nergalle
 29013 | Orc:1    | Noticed an orc warlord
 29079 | Orc:1    | Killed an orc warlord
 29277 | Orc:1    | You are sucked into a shaft and drop 1 floor!
 29277 | Orc:2    | Entered Level 2 of the Orcish Mines
 29294 | Orc:2    | Found a staircase to the Elven Halls.
 29525 | Orc:1    | Noticed Fannar
 29538 | Orc:1    | Killed Fannar
 29718 | Orc:2    | Reached XP level 16. HP: 73/85 MP: 25/25
 30323 | Orc:2    | Found Jyrghiomu's Armour Boutique.
 30333 | Orc:2    | Found Jeciugun's Armour Emporium.
 30462 | Orc:2    | Found Zaopteh's Weapon Boutique.
 30462 | Orc:2    | Found Koump's Magic Scroll Emporium.
 30477 | Orc:2    | Bought a scroll of teleportation for 54 gold pieces
 30477 | Orc:2    | Bought a scroll of teleportation for 54 gold pieces
 30477 | Orc:2    | Bought a scroll of identify for 36 gold pieces
 30477 | Orc:2    | Bought a scroll of identify for 36 gold pieces
 30477 | Orc:2    | Bought a scroll of identify for 36 gold pieces
 30483 | Orc:2    | Bought 2 scrolls of brand weapon for 720 gold pieces
 30837 | Swamp:1  | Entered Level 1 of the Swamp
 31249 | Swamp:1  | Noticed Mlioglotl
 31453 | Swamp:1  | Killed Mlioglotl
 31482 | Swamp:2  | Reached skill level 15 in Dodging
 32635 | Swamp:3  | Noticed Donald
 32937 | Swamp:3  | Killed Donald
 32989 | Swamp:3  | Noticed Aizul
 33024 | Swamp:2  | Succumbed to Aizul's bolt of poison

Illustrated notes

Levels and vault maps discovered:
D:1:      beargit_arrival_greenhouse, layout_rooms
D:2:      layout_rooms, shapermc_ecumenical_altar_pompeii, uniq_robin
D:3:      layout_loops_cross, yredelemnul_forgotten_temple_becter,
          chequers_mini_garden
D:4:      layout_loops_corners, goddamned_bats, uniq_blork_the_orc
D:5:      layout_loops_corners, mainiacjoe_overflow_concentric_impassable,
          gammafunk_ghost_arena, serial_bayou_pond_b, uniq_menkaure, uniq_ijyb
D:6:      layout_basic, ashenzari_altar_1, minmay_temple_entry_nine_rooms,
          enter_ossuary_5
D:7:      layout_rooms, amcnicky_altar_gilded, serial_shops,
          nicolae_inconvenience_store
D:8:      layout_layer_cave
D:9:      layout_cross, dpeg_lair_monsters, uniq_gastronok
D:10:     layout_loops_corners
D:11:     layout_layer_cave, serial_glass, glass_columns_a, glass_columns_a,
          glass_columns_a, uniq_lodul
D:12:     minmay_skewed_foursquare, layout_basic, zombieorc2_lemuel, eino_jars
D:13:     layout_roguey [special_room_orc], david_vaults_2, uniq_snorg
D:14:     layout_long_grid, nicolae_tso_carved_into_rock, minmay_orc_keep
D:15:     gammafunk_enter_depths_forms, layout_basic,
          nzn_hepliaklqana_mist_gate, nicolae_dithmenos_shadow_blocks
Temple:   dpeg_five_rooms_temple
Lair:1:   layout_hall_layers, serial_bayou_pond_e
Lair:2:   layout_regular_city, palyth_hydra_swamp_entry
Lair:3:   layout_misc_corridors, nicolae_spider_entry_tight_spaces,
          nicolae_lair_run_with_the_wolves
Lair:4:   dragon1_lemuel, layout_cave_pods, minmay_shattered_shrine,
          grunt_megastairs_4, infiniplex_staircase_pool, lemuel_fruit_fields,
          uniq_josephine
Lair:5:   layout_small_grid
Lair:6:   minmay_lair_end_frog_pond, layout_loops_ring,
          minmay_slime_entry_pillars, uniq_sonja
Swamp:1:  layout_falls_marsh, hangedman_swamp_ruin_wall, swamp_pool1,
          nicolae_swamp_small_spring, uniq_mlioglotl
Swamp:2:  layout_falls_marsh, hangedman_swamp_ruin_hall
Swamp:3:  layout_falls_marsh, nicolae_swamp_ascending_descending_big,
          swamp_pool5, uniq_donald, uniq_aizul
Orc:1:    layout_diamond_mine, basic_altar, uniq_nergalle, uniq_fannar,
          uniq_urug
Orc:2:    st_orc_town, layout_caves

Skill      XL: |  1  2  3  4  5  6  7  8  9 10 11 12 13 14 15 16 |
---------------+-------------------------------------------------+-----
Slings         | 5 6 7 8 10 13 16 18 | 18.0
Stealth        | 2 3 4 6 7 8 10 | 10.0
Fighting       | 2 4 5 6 8 10 | 10.0
Evocations     | 5 6 10 | 10.3
Dodging        | 6 10 13 16 | 16.0
Armour         | 3 4 7 10 | 10.0
Invocations    | 5 10 11 13 | 13.0
Translocations | 5 8 |  8.0
Spellcasting   | 3 5 |  5.0

Action                   |  1- 3 |  4- 6 |  7- 9 | 10-12 | 13-15 | 16-18 || total
-------------------------+-------+-------+-------+-------+-------+-------++-------
Melee: Fustibalus        |       |       |       |       |     1 |       ||     1
 Fire: Hunting sling     |   103 |   278 |   686 |  1466 |   399 |       ||  2932
       Fustibalus        |       |       |       |       |  1801 |   554 ||  2355
Throw: Dart              |       |       |    13 |    70 |    11 |     3 ||    97
Evoke: Wand              |       |       |       |     4 |     9 |     2 ||    15
       Condenser vane    |       |       |       |     1 |     2 |     1 ||     4
  Use: Scroll            |       |       |     7 |     1 |    20 |     9 ||    37
       Potion            |       |       |       |       |       |     2 ||     2
Armor: Robe              |     1 |    12 |     3 |       |       |       ||    16
       Skin              |       |       |     1 |       |       |       ||     1
       Troll leather arm |       |       |       |    17 |    39 |     9 ||    65
Dodge: Dodged            |    20 |    77 |    52 |   453 |   826 |   160 ||  1588
       Repelled          |       |       |       |     8 |       |       ||     8

Table legend: (Time is in decaauts)
 A = Elapsed time spent in this place.
 B = Non-inter-level travel time spent in this place.
 C = Inter-level travel time spent in this place.
 D = Time resting spent in this place.
 E = Time spent auto-exploring this place.
 F = Levels seen in this place.
 G = Mean time per level.
                   A        B        C        D        E       F      G
               +--------+--------+--------+--------+--------+-----+--------+
         Total |  22958 |  21570 |   1388 |   2082 |  10385 |  28 |  819.9 |
       Dungeon |  13612 |  12823 |    789 |   1629 |   6626 |  15 |  907.5 |
        Temple |    113 |     71 |     42 |      0 |     62 |   1 |  113.0 |
          Lair |   6227 |   5826 |    401 |    187 |   2438 |   6 | 1037.8 |
         Swamp |   1530 |   1425 |    105 |    167 |    558 |   3 |  510.0 |
  Orcish Mines |   1168 |   1117 |     51 |     19 |    606 |   2 |  584.0 |
       Ossuary |    306 |    306 |      0 |     80 |     92 |   1 |  306.0 |
               +--------+--------+--------+--------+--------+-----+--------+

Top non-repeatable levels by time:
     D:4: 1455 daAuts
    D:11: 1353 daAuts
  Lair:2: 1349 daAuts
     D:9: 1308 daAuts
    D:10: 1306 daAuts
  Lair:3: 1267 daAuts
     D:8: 1261 daAuts
  Lair:4: 1101 daAuts
  Lair:6: 1053 daAuts
     D:7: 906 daAuts
  Lair:1: 817 daAuts
    D:15: 796 daAuts
    D:12: 763 daAuts
     D:1: 727 daAuts
     D:5: 717 daAuts
